 Dungeon Crawl Stone Soup version 0.22-a0-402-ga933591907 (webtiles) character file.

104 D1HalberdGnoll the Bolt Thrower (level 5, 0/32 HPs)
             Began as a Kobold Hunter on May 6, 2018.
             Slain by an orc
             ... wielding a +0 war axe
              (3 damage)
             ... on level 3 of the Dungeon.
             The game lasted 00:04:38 (1953 turns).

D1HalberdGnoll the Bolt Thrower (Kobold Hunter)     Turns: 1953, Time: 00:04:39

Health: 0/32       AC:  6    Str: 11    XL:     5   Next: 7%
Magic:  5/5        EV: 14    Int: 12    God:
Gold:   94         SH:  0    Dex: 15    Spells: 4/4 levels left

rFire    . . .     SeeInvis .   c - +0 flail
rCold    . . .     Gourm    .   (shield restricted)
rNeg     . . .     Faith    .   e - +0 ring mail
rPois    .         Spirit   .   (no helmet)
rElec    .         Reflect  .   k - +0 cloak
rCorr    .         Harm     .   (no gloves)
MR       .....                  (no boots)
Stlth    +.........             (no amulet)
HPRegen  0.10/turn              (no ring)
MPRegen  0.09/turn              (no ring)

@: flying, slowed, very slow
A: small, carnivore
a: no special abilities


You were on level 3 of the Dungeon.
You were full.

You visited 1 branch of the dungeon, and saw 3 of its levels.

You collected 94 gold pieces.

Inventory:

Hand Weapons
 a - a +1 hand crossbow
 c - a +0 flail (weapon)
Missiles
 d - 2 bolts
Armour
 e - a +0 ring mail (worn)
 k - a +0 cloak (worn)
Scrolls
 g - 3 scrolls of identify {unknown}
 i - a scroll of teleportation {unknown}
 j - a scroll of remove curse {unknown}
 l - a scroll of immolation {unknown}
Potions
 b - a potion of flight
 h - 2 potions of lignification
Comestibles
 f - 3 rations


   Skills:
 + Level 3.2 Fighting
 * Level 6.1 Crossbows
 + Level 3.5 Dodging
 - Level 1.3 Stealth


You had 4 spell levels left.
You didn't know any spells.

Dungeon Overview and Level Annotations

Branches:
Dungeon (3/15)

Altars:
Ashenzari
Fedhas
Vehumet

Annotations:
D:3 Sigmund


Innate Abilities, Weirdness & Mutations

You are small and have problems with some larger weapons.
You are carnivorous and can eat meat at any time.


Message History

A magic dart appears from out of thin air!
The magic dart hits you! The orc closely misses you.
The orc completely misses you. Something hits you.
It was a potion of flight.
You feel very buoyant.
You fly up into the air.
Something hits you. The orc hits you but does no damage.
The orc hits you from afar with a trident.
* * * LOW HITPOINT WARNING * * *
Something hits you.
* * * LOW HITPOINT WARNING * * *
You hit the orc.
The orc is almost dead.
The orc wizard gestures wildly while chanting.
The orc wizard blinks!
Something barely misses you. The orc closely misses you.
The orc hits you from afar with a trident.
* * * LOW HITPOINT WARNING * * *
The orc wizard hits you but does no damage.
The orc hits you with a war axe.
You die...

#.#.. ...#
##..###
#...(.# ##
#.....#
....###.....#
#.........#
#####..o..#
#.†@..#
#.{o..#
#.o§..#
#####.####
#........#
#........#
#.....<..#
#........#
...........#


You could see an orc wizard and 2 orcs.

Vanquished Creatures
  4 adders (D:2)
  2 oozes
  3 worms (D:2)
  A dart slug (D:2)
  2 leopard geckos
  5 ball pythons (D:2)
  A giant cockroach (D:2)
  5 goblins
  8 hobgoblins
  A quokka (D:2)
  4 bats
  A frilled lizard (D:1)
  4 kobolds
  7 rats
48 creatures vanquished.

Notes
Turn   | Place    | Note
-------+----------+-------------------------------------------
     0 | D:1      | D1HalberdGnoll the Kobold Hunter began the quest for the Orb.
     0 | D:1      | Reached XP level 1. HP: 12/12 MP: 1/1
    78 | D:1      | Reached skill level 5 in Crossbows
    87 | D:1      | Reached XP level 2. HP: 18/18 MP: 2/2
   420 | D:2      | Reached XP level 3. HP: 22/22 MP: 3/3
   544 | D:2      | Found a shattered altar of Ashenzari.
   546 | D:2      | Found a radiant altar of Vehumet.
   546 | D:2      | Found a blossoming altar of Fedhas.
   582 | D:2      | Reached XP level 4. HP: 15/27 MP: 4/4
  1069 | D:2      | Reached skill level 6 in Crossbows
  1312 | D:3      | Noticed Sigmund
  1674 | D:2      | Reached XP level 5. HP: 14/32 MP: 5/5
  1953 | D:3      | Slain by an orc

Vault maps used:
D:1:      dpeg_arrival_round_c
D:2:      gammafunk_temple_overflow_claw, minmay_stone_trees_small
D:3:      overflow_temple_1_default, first_ration, uniq_sigmund

Skill      XL: |  1  2  3  4 |
---------------+-------------+-----
Crossbows      | 5 6 |  6.1
Dodging        | 3 |  3.5
Fighting       | 3 |  3.2
Stealth        | |  1.3

Action                   |  1- 3 |  4- 6 || total
-------------------------+-------+-------++-------
Melee: Flail             |       |    31 ||    31
 Fire: Hand crossbow     |    63 |    44 ||   107
  Use: Potion            |       |     2 ||     2
  Eat: Chunk             |     3 |     5 ||     8
Armor: Ring mail         |     4 |    25 ||    29
       Skin              |       |     8 ||     8
Dodge: Dodged            |    16 |    60 ||    76

Table legend:
 A = Spawn XP
 B = Non-spawn XP
 C = Spawn XP percentage of total XP
 D = Spawn monster count
 E = Non-spawn monster count
 F = Spawn count percentage of total count
 G = Total turns spent on level
                    A         B        C        D         E        F      G
               +---------+---------+-------+---------+---------+-------+---------
         Total |       0 |     149 |   0.0 |       0 |      48 |   0.0 |  1953
               +---------+---------+-------+---------+---------+-------+---------
           D:1 |       0 |      27 |   0.0 |       0 |      13 |   0.0 |   419
           D:2 |       0 |     116 |   0.0 |       0 |      31 |   0.0 |  1470
           D:3 |       0 |       6 |   0.0 |       0 |       4 |   0.0 |    64
               +---------+---------+-------+---------+---------+-------+---------
